 Dungeon Crawl Stone Soup version 0.30-a0-335-ge5acde7520 (webtiles) character file.

Game seed: 3219128383490609182

448 gruber the Destroyer (level 6, -6/32 HPs)
             Began as a Deep Elf Conjurer on Oct 30, 2022.
             Mangled by a two-headed ogre
             ... wielding a +0 giant spiked club
              (18 damage)
             ... on level 5 of the Dungeon.
             The game lasted 00:02:55 (4105 turns).

gruber the Destroyer (Deep Elf Conjurer)            Turns: 4105, Time: 00:02:55

Health: -6/32      AC:  5    Str:  4    XL:     6   Next: 73%
Magic:  3/12       EV: 12    Int: 25    God:
Gold:   311        SH:  0    Dex: 13    Spells: 4/11 levels left

rFire   . . .      SeeInvis .    q - +2 dagger (protect)
rCold   . . .      Faith    .    (no shield)
rNeg    . . .      Spirit   .    a - +0 robe
rPois   .          Reflect  .    (no helmet)
rElec   .          Harm     .    (no cloak)
rCorr   .          Rampage  .    (no gloves)
Will    .....                    b - +2 pair of boots
Stlth   ++........               (no amulet)
HPRegen 0.25/turn                (no ring)
MPRegen 0.13/turn                (no ring)

@: no status effects
A: no striking features
a: no special abilities


You were on level 5 of the Dungeon.
You visited 1 branch of the dungeon, and saw 5 of its levels.

You collected 311 gold pieces.

Inventory:

Hand Weapons
 q - a +2 dagger of protection (weapon)
Armour
 a - a +0 robe (worn)
 b - a +2 pair of boots (worn)
 o - a +2 kite shield
Jewellery
 p - a +4 ring of protection
Scrolls
 c - 2 scrolls of teleportation {unknown}
 f - 2 scrolls of identify {unknown}
 h - 2 scrolls of enchant weapon {unknown}
 i - a scroll of fog {unknown}
 j - a scroll of fear {unknown}
 k - a scroll of silence {unknown}
 l - a scroll of amnesia {unknown}
 m - a scroll of noise {unknown}
 r - a scroll of blinking {unknown}
Potions
 d - 10 potions of curing {unknown}
 e - 2 potions of degeneration {unknown}
 g - 3 potions of ambrosia {unknown}
 n - a potion of brilliance {unknown}


   Skills:
 - Level 2.4 Dodging
 - Level 2.4 Stealth
 - Level 3.0 Spellcasting
 + Level 9.0 Conjurations


You had 4 spell levels left.
You knew the following spells:

 Your Spells              Type           Power      Damage    Failure   Level
a - Magic Dart            Conj           100%       1d8       1%          1
b - Searing Ray           Conj           96%        2d7       1%          2
c - Iskenderun's Mystic   Conj/Tloc      26%        2d7       16%         4

Your spell library contained the following spells:

 Spells                   Type           Power      Damage    Failure   Level
 Dazzling Flash           Conj/Hex       52%        N/A       4%          3
 Apportation              Tloc           6%         N/A       10%         1
 Necrotise                Necr           12%        1d4       10%         1
 Summon Small Mammal      Summ           12%        N/A       10%         1
 Fulminant Prism          Conj/Hex       13%        3d8       16%         4
 Gell's Gravitas          Tloc           3%         N/A       30%         3
 Lesser Beckoning         Tloc           6%         N/A       30%         3
 Summon Guardian Golem    Hex/Summ       3%         N/A       30%         3
 Teleport Other           Tloc           3%         N/A       30%         3
 Orb of Destruction       Conj           24%        9d9       91%         7
 Spellforged Servitor     Conj/Summ      13%        N/A       100%        7


Dungeon Overview and Level Annotations

Branches:
Dungeon (5/15)
 Temple: D:4-7

Altars:
Gozag
Makhleb
Sif Muna

Annotations:
D:4 Menkaure


Message History

You hear a shout!
Unknown command.
The searing ray misses the two-headed ogre.
An ice beast comes into view.
The searing ray hits the two-headed ogre.
The two-headed ogre is moderately wounded.
The two-headed ogre closely misses you. x2
The searing ray hits the two-headed ogre!
The two-headed ogre is moderately wounded.
You finish channelling your searing ray.
An acid dragon comes into view.
Casting: Searing Ray (safe; 1% risk of failure)
Confirm with . or Enter, or press ? or * to list all spells.
Aiming: Searing Ray (safe; 1% risk of failure)
Press: ? - help, Shift-Dir - straight line, f/p - two-headed ogre
Aim: a two-headed ogre, wielding two +0 giant spiked clubs (moderately wounded, 92% to hit)
The searing ray hits the two-headed ogre.
The two-headed ogre is moderately wounded. (Press . to maintain the ray.)
The two-headed ogre completely misses you.
The two-headed ogre hits you with a +0 giant spiked club!
Ouch! That really hurt!
Unknown command.
Unknown command.
The searing ray hits the two-headed ogre!
The two-headed ogre is heavily wounded.
The searing ray hits the ice beast but does no damage.
The two-headed ogre closely misses you.
The two-headed ogre hits you with a +0 giant spiked club.
Unknown command.
The searing ray hits the two-headed ogre!
The two-headed ogre is severely wounded.
The searing ray misses the ice beast.
The searing ray hits the two-headed ogre.
The two-headed ogre is severely wounded.
The searing ray misses the ice beast.
You finish channelling your searing ray.
The two-headed ogre hits you with a +0 giant spiked club!!
Ouch! That really hurt!
You die...

# ##. #.### #..<#
##### #####...#.
#<..######.........
#.#........####..#.
#.@.######## #..#.
##O.....(.. ...#
###Y######## ##..
##.##...#########
#.#.
#...............#
...
#.###.#.#######..
.. #.....#
#..###........
#...# .#..###.#


You could see a two-headed ogre and an ice beast.

Vanquished Creatures
  Edmund (D:4)
  An ogre (D:4)
  A hound (D:4)
  An iguana (D:4)
  4 gnolls
  9 adders
  A white imp (D:4)
  A worm (D:3)
  A dart slug (D:1)
  9 orcs
  3 endoplasms
  4 giant cockroaches
  8 goblins
  4 hobgoblins
  2 jackals (D:1)
  3 quokkas (D:1)
  4 ball pythons
  3 bats
  4 frilled lizards
  11 kobolds
  8 rats
83 creatures vanquished.

Vanquished Creatures (others)
  7 fungi (D:3)
  4 toadstools (D:3)
11 creatures vanquished.

Grand Total: 94 creatures vanquished

Notes
Turn   | Place    | Note
-------+----------+-------------------------------------------
     0 | D:1      | gruber the Deep Elf Conjurer began the quest for the Orb.
     0 | D:1      | Reached XP level 1. HP: 10/10 MP: 6/6
   277 | D:1      | Reached XP level 2. HP: 15/15 MP: 5/8
   286 | D:1      | Reached skill level 5 in Conjurations
   624 | D:1      | Learned a level 2 spell: Searing Ray
   659 | D:1      | Reached XP level 3. HP: 19/19 MP: 2/9
   738 | D:1      | You fall into a shaft and drop 1 floor!
   738 | D:2      | Found a faded altar of an unknown god.
  1177 | D:2      | Reached skill level 6 in Conjurations
  1379 | D:2      | Reached XP level 4. HP: 24/24 MP: 4/10
  2163 | D:3      | Found a shimmering blue altar of Sif Muna.
  2935 | D:4      | Reached skill level 7 in Conjurations
  2935 | D:4      | Reached XP level 5. HP: 28/28 MP: 8/11
  3273 | D:4      | Noticed an ogre
  3281 | D:4      | Killed an ogre
  3282 | D:4      | Reached skill level 8 in Conjurations
  3282 | D:4      | Reached XP level 6. HP: 4/32 MP: 9/12
  3416 | D:4      | Noticed Edmund
  3428 | D:4      | Learned a level 4 spell: Iskenderun's Mystic Blast
  3484 | D:4      | Found a burning altar of Makhleb.
  3744 | D:4      | Found an opulent altar of Gozag.
  3864 | D:4      | Noticed Menkaure
  3869 | D:4      | Killed Edmund
  3870 | D:4      | Reached skill level 9 in Conjurations
  3879 | D:5      | Entered Level 5 of the Dungeon
  4091 | D:5      | Noticed a two-headed ogre
  4093 | D:5      | Noticed an ice beast
  4098 | D:5      | Noticed an acid dragon
  4105 | D:5      | Mangled by a two-headed ogre

Illustrated notes

Levels and vault maps discovered:
D:1:      giann_wishing_wells, layout_basic, hangedman_decor_opposing,
          minmay_pentomino_o4
D:2:      layout_basic, hellmonk_ecumenical_altar_crossroads
D:3:      layout_loops_corners, mainiacjoe_overflow_six_doors_small,
          corexii_shack, minmay_gold_behind_fungi
D:4:      layout_cave_pools, nicolae_gozag_seed_capital,
          mainiacjoe_overflow_boulevard, uniq_menkaure, uniq_edmund
D:5:      layout_loops_ring, minmay_manual_mail

Skill      XL: |  1  2  3  4  5  6 |
---------------+-------------------+-----
Conjurations   | 5 6 7 8 9 |  9.0
Dodging        | |  2.4
Stealth        | |  2.4
Spellcasting   | |  3.0

Action                   |  1- 3 |  4- 6 || total
-------------------------+-------+-------++-------
Melee: Unarmed           |     1 |       ||     1
       Dagger            |       |     2 ||     2
 Cast: Magic Dart        |    63 |    77 ||   140
       Searing Ray       |     1 |    12 ||    13
  Use: Potion            |       |     1 ||     1
Armor: Robe              |     4 |     4 ||     8
Dodge: Dodged            |    13 |    17 ||    30

Table legend: (Time is in decaauts)
 A = Elapsed time spent in this place.
 B = Non-inter-level travel time spent in this place.
 C = Inter-level travel time spent in this place.
 D = Time resting spent in this place.
 E = Time spent auto-exploring this place.
 F = Levels seen in this place.
 G = Mean time per level.
                   A        B        C        D        E       F      G
               +--------+--------+--------+--------+--------+-----+--------+
         Total |   4104 |   3955 |    149 |    100 |   3449 |   5 |  820.8 |
       Dungeon |   4104 |   3955 |    149 |    100 |   3449 |   5 |  820.8 |
               +--------+--------+--------+--------+--------+-----+--------+

Top non-repeatable levels by time:
     D:3: 1124 daAuts
     D:1: 1011 daAuts
     D:4: 946 daAuts
     D:2: 795 daAuts
     D:5: 225 daAuts
